 Dungeon Crawl Stone Soup version 0.31-a0-237-g2d982f9f85 (webtiles) character file.

Game seed: 8955563119698909880

1559114 Midn8 the Acrobat (level 25, 166/210 HPs)
             Began as an Octopode Conjurer on July 10, 2023.
             Was the Champion of Ashenzari.
             Escaped with the Orb
             ... and 3 runes on July 11, 2023!
             The game lasted 05:07:46 (72525 turns).

Midn8 the Acrobat (Octopode Conjurer)              Turns: 72525, Time: 05:07:46

Health: 166/210    AC: 11    Str:  4    XL:     25   Next: 37%
Magic:  43/45      EV: 41    Int: 35    God:    Ashenzari [******]
Gold:   4344       SH:  0    Dex: 28    Spells: 2/60 levels left

rFire   + . .        y - +8 longbow "Zephyr" {speed, Dex+3 SInv, Cun, Bglg} (curse)
rCold   + . .        (shield currently unavailable)
rNeg    . . .        Q - +2 hat of Supernal Gnosis {Elem, Alch} (curse)
rPois   .            W - amulet of Supernal Understanding {Regen+, Self, Range} (curse)
rElec   +            h - ring "Share My Restlessness" {Slay+4, Melee, Self} (curse)
rCorr   +            q - ring "Shattered Negation" {Int+6, Bglg, Self} (curse)
SInv    +            x - ring "Clairvoyant Affliction" {AC+4, Elem, Cun} (curse)
Will    ++++.        F - ring of the Tethered Portent {Dex+6, Fort, Elem} (curse)
Stlth   +++          s - ring "Ensconced Together" {AC+4, Evo, Self} (curse)
HPRegen 1.35/turn    X - ring of Panopticon {rElec rC+ Will+ Dex+3, Bglg, Self} (curse)
MPRegen 0.29/turn    D - ring of Ashenzari's Gloom {Will++ rCorr Str-2 Int+2, Evo, Melee} (curse)
                     Y - ring "Yoke of the Astral Seer" {rF+, Cun, Bglg} (curse)

%: clarity
@: no status effects
A: almost no armour, amphibious, 8 rings, camouflage 1, gelatinous body 1,
(nimble swimmer 1), tentacles, subdued magic 1
0: Orb of Zot
}: 3/15 runes: decaying, abyssal, gossamer
a: Renounce Religion, Shatter the Chains


You escaped.
You worshipped Ashenzari.
Ashenzari was exalted by your worship.
You visited 9 branches of the dungeon, and saw 46 of its levels.
You visited the Abyss 1 time.
You also visited: Ossuary, Ice Cave, Volcano, Wizlab and Desolation.

You collected 5965 gold pieces.
You spent 1621 gold pieces at shops.

Inventory:

Hand Weapons
 y - the cursed +8 longbow "Zephyr" (weapon) {speed, Dex+3 SInv, Cun, Bglg}
   (You found it on level 4 of the Spider Nest)

   Dex:       It affects your dexterity (+3).
   SInv:      It lets you see invisible.
   It has a curse which improves the following skills: Cunning: Dodging and
   Stealth.
   Beguiling: Conjurations, Hexes and Translocations.
Missiles
 E - 36 poisoned darts
 G - 2 throwing nets
 H - 9 atropa-tipped darts
Armour
 Q - the cursed +2 hat of Supernal Gnosis (worn) {Elem, Alch}
   (You found it in a volcano)

   It has a curse which improves the following skills: Elements: Fire Magic, Ice
   Magic, Air Magic and Earth Magic.
   Alchemy:   Poison Magic and Transmutations.
Jewellery
 h - the cursed ring "Share My Restlessness" (left tentacle) {Slay+4, Melee, Self}
   (You found it on level 2 of the Dungeon)

   [ring of slaying]

   Slay:      It affects your accuracy & damage with ranged weapons and melee
   (+4).
   It has a curse which improves the following skills: Melee Combat: Short
   Blades, Long Blades, Axes, Maces & Flails, Polearms, Staves and Unarmed
   Combat.
   Introspection: Fighting and Spellcasting.
 q - the cursed ring "Shattered Negation" (right tentacle) {Int+6, Bglg, Self}
   (You found it on level 3 of the Dungeon)

   [ring of intelligence]

   Int:       It affects your intelligence (+6).
   It has a curse which improves the following skills: Beguiling: Conjurations,
   Hexes and Translocations.
   Introspection: Fighting and Spellcasting.
 s - the cursed ring "Ensconced Together" (on tentacle) {AC+4, Evo, Self}
   (You found it on level 3 of the Lair of Beasts)

   [ring of protection]

   AC:        It affects your AC (+4).
   It has a curse which improves the following skills: Evocations: Evocations.
   Introspection: Fighting and Spellcasting.
 x - the cursed ring "Clairvoyant Affliction" (on tentacle) {AC+4, Elem, Cun}
   (You found it on level 5 of the Dungeon)

   [ring of protection]

   AC:        It affects your AC (+4).
   It has a curse which improves the following skills: Elements: Fire Magic, Ice
   Magic, Air Magic and Earth Magic.
   Cunning:   Dodging and Stealth.
 A - a +4 ring of protection
 D - the cursed ring of Ashenzari's Gloom (on tentacle) {Will++ rCorr Str-2 Int+2, Evo, Melee}
   (You acquired it on level 3 of the Elven Halls)

   [ring of resist corrosion]

   Str:       It affects your strength (-2).
   Int:       It affects your intelligence (+2).
   rCorr:     It protects you from acid and corrosion.
   Will:      It greatly increases your willpower.
   It has a curse which improves the following skills: Evocations: Evocations.
   Melee Combat: Short Blades, Long Blades, Axes, Maces & Flails, Polearms,
   Staves and Unarmed Combat.
 F - the cursed ring of the Tethered Portent (on tentacle) {Dex+6, Fort, Elem}
   (You found it on level 7 of the Dungeon)

   [ring of dexterity]

   Dex:       It affects your dexterity (+6).
   It has a curse which improves the following skills: Fortitude: Shields.
   Elements:  Fire Magic, Ice Magic, Air Magic and Earth Magic.
 N - a ring of wizardry
 U - the brooch of Shielding {Spirit SH+8}
   (You found it on level 3 of the Vaults)

   [amulet of guardian spirit]

   It causes incoming damage to be divided between your reserves of health and
   magic.
   SH:        It affects your SH (+8).
 W - the cursed amulet of Supernal Understanding (around mantle) {Regen+, Self, Range}
   (You took it off a deep elf demonologist on level 3 of the Elven Halls)

   [amulet of regeneration]

   Regen:     It increases your rate of health regeneration.
   It has a curse which improves the following skills: Introspection: Fighting
   and Spellcasting.
   Ranged Combat: Ranged Weapons and Throwing.
 X - the cursed ring of Panopticon (on tentacle) {rElec rC+ Will+ Dex+3, Bglg, Self}
   (You found it in the Desolation of Salt)

   [ring of willpower]

   Dex:       It affects your dexterity (+3).
   rC:        It protects you from cold.
   rElec:     It insulates you from electricity.
   Will:      It increases your willpower.
   It has a curse which improves the following skills: Beguiling: Conjurations,
   Hexes and Translocations.
   Introspection: Fighting and Spellcasting.
 Y - the cursed ring "Yoke of the Astral Seer" (on tentacle) {rF+, Cun, Bglg}
   (You found it on level 5 of the Lair of Beasts)

   [ring of protection from fire]

   rF:        It protects you from fire.
   It has a curse which improves the following skills: Cunning: Dodging and
   Stealth.
   Beguiling: Conjurations, Hexes and Translocations.
Wands
 b - a wand of light (18)
 n - a wand of flame (88)
 B - a wand of polymorph (30)
 P - a wand of mindburst (77)
 V - a wand of iceblast (37)
 Z - a wand of paralysis (33)
Scrolls
 c - 20 scrolls of teleportation
 i - 6 scrolls of enchant weapon
 k - 9 scrolls of immolation
 p - 6 scrolls of blinking
 u - 7 scrolls of fear
 w - 6 scrolls of enchant armour
 C - 10 scrolls of fog
 I - 4 scrolls of brand weapon
 J - 5 scrolls of amnesia
 K - a scroll of revelation
 S - 2 scrolls of summoning
Potions
 a - 6 potions of magic
 d - 9 potions of brilliance
 e - 6 potions of attraction
 f - 4 potions of resistance
 g - 25 potions of curing
 j - 3 potions of berserk rage
 l - 5 potions of haste
 o - 10 potions of enlightenment
 r - 9 potions of might
 t - 2 potions of cancellation
 v - 4 potions of ambrosia
 z - 11 potions of heal wounds
 R - 3 potions of invisibility
 T - 6 potions of mutation
Miscellaneous
 m - a lightning rod (4/4)
 L - a piece from Xom's chessboard (15/15)
 M - a tin of tremorstones (2/2)
 O - a phantom mirror


   Skills:
 - Level 21.9(27) Fighting
 - Level 7.7(11.4) Short Blades
 - Level 18.0(20.2) Ranged Weapons
 + Level 22.1(26.4) Dodging
 - Level 10.3(15.0) Stealth
 - Level 1.6(3.3) Shields
 - Level 11.8(18.4) Spellcasting
 - Level 14.2(19.8) Conjurations
 - Level 8.0(13.6) Hexes
 - Level 4.6 Necromancy
 - Level 4.6(7.0) Transmutations
 - Level 13.0(17.7) Earth Magic
 - Level 14.4(18.0) Evocations


You had 2 spell levels left.
You knew the following spells:

 Your Spells              Type           Power      Damage    Failure   Level
a - Portal Projectile     Hex/Tloc       100%       N/A       1%          3
b - Iskenderun's Battles  Conj           93%        2d14      0%          5
c - Orb of Destruction    Conj           46%        9d12      1%          7
d - Irradiate             Conj/Tmut      38%        3d24      1%          5
e - Lee's Rapid Deconstr  Erth           44%        3d21*     0%          5
f - Fulminant Prism       Conj/Hex       43%        3d19      0%          4
g - Beastly Appendage     Tmut           100%       N/A       1%          1
h - Dragon Form           Tmut           29%        N/A       41%         7
i - Dazzling Flash        Conj/Hex       100%       N/A       0%          3
j - Magic Dart            Conj           100%       1d8       0%          1
p - Apportation           Tloc           58%        N/A       1%          1
r - Leda's Unmaking       Conj/Erth      45%        9d8       1%          6
s - Searing Ray           Conj           100%       2d8       0%          2
z - Statue Form           Tmut/Erth      50%        N/A       1%          6
S - Sublimation of Blood  Necr           49%        N/A       1%          2

Your spell library contained the following spells:

 Spells                   Type           Power      Damage    Failure   Level
 Foxfire                  Conj/Fire      100%       2x1d9     0%          1
 Kiss of Death            Conj/Necr      100%       2d13      0%          1
 Shock                    Conj/Air       100%       1d9       0%          1
 Slow                     Hex            100%       N/A       0%          1
 Static Discharge         Conj/Air       100%       2-7/arc   0%          2
 Freeze                   Ice            100%       1d10      1%          1
 Necrotise                Necr           100%       1d9       1%          1
 Sting                    Tmut/Pois      100%       1d8       1%          1
 Summon Small Mammal      Summ           96%        N/A       1%          1
 Call Imp                 Summ           48%        N/A       1%          2
 Poisonous Vapours        Pois/Air       54%        N/A       1%          2
 Wereblood                Tmut           58%        N/A       1%          2
 Confusing Touch          Hex            78%        N/A       0%          3
 Tukima's Dance           Hex            78%        N/A       0%          3
 Leda's Liquefaction      Hex/Erth       41%        N/A       0%          4
 Frozen Ramparts          Ice            56%        1d9       1%          3
 Gell's Gravitas          Tloc           29%        N/A       1%          3
 Hailstorm                Conj/Ice       69%        3d14      1%          3
 Ignite Poison            Fire/Tmut/Pois 39%        N/A       1%          3
 Inner Flame              Hex/Fire       59%        N/A       1%          3
 Mephitic Cloud           Conj/Pois/Air  58%        N/A       1%          3
 Ozocubu's Armour         Ice            28%        N/A       1%          3
 Spider Form              Tmut/Pois      44%        N/A       1%          3
 Summon Guardian Golem    Hex/Summ       57%        N/A       1%          3
 Swiftness                Air            28%        N/A       1%          3
 Vampiric Draining        Necr           49%        2d9       1%          3
 Vhi's Electric Charge    Tloc/Air       58%        N/A       1%          3
 Volatile Blastmotes      Fire/Tloc      58%        2d14      1%          3
 Anguish                  Hex/Necr       32%        N/A       1%          4
 Animate Dead             Necr           49%        N/A       1%          4
 Dispel Undead            Necr           49%        3d18      1%          4
 Flame Wave               Conj/Fire      69%        2d16      1%          4
 Ice Form                 Ice/Tmut       45%        N/A       1%          4
 Iskenderun's Mystic Bla  Conj/Tloc      69%        2d14      1%          4
 Petrify                  Tmut/Erth      75%        N/A       1%          4
 Sticky Flame             Conj/Fire      69%        2d8       1%          4
 Arcjolt                  Conj/Air       34%        1d44      1%          5
 Blade Hands              Tmut           29%        N/A       1%          5
 Fireball                 Conj/Fire      34%        3d14      1%          5
 Summon Mana Viper        Hex/Summ       57%        N/A       1%          5
 Yara's Violent Unravell  Hex/Tmut       34%        3d14      1%          5
 Call Canine Familiar     Summ           24%        N/A       2%          3
 Agony                    Necr           49%        N/A       3%          5
 Alistair's Intoxication  Tmut/Pois      29%        N/A       4%          5
 Airstrike                Air            14%        2d(2-18)  6%          4
 Manifold Assault         Tloc           29%        N/A       6%          4
 Olgreb's Toxic Radiance  Pois           26%        N/A       7%          4
 Summon Ice Beast         Ice/Summ       26%        N/A       7%          4
 Summon Lightning Spire   Summ/Air       26%        N/A       7%          4
 Spellforged Servitor     Conj/Summ      34%        N/A       13%         7
 Summon Forest            Summ/Tloc      13%        N/A       21%         5
 Discord                  Hex            39%        N/A       22%         8
 Eringya's Noxious Bog    Tmut/Pois      22%        4d6       30%         6
 Dispersal                Tloc           14%        N/A       71%         6
 Plasma Beam              Fire/Air       14%        2x1d25    73%         6
 Haunt                    Necr/Summ      18%        N/A       97%         7
 Ozocubu's Refrigeration  Ice            14%        4d10      99%         7
 Necromutation            Tmut/Necr      27%        N/A       99%         8
 Monstrous Menagerie      Summ           12%        N/A       100%        7
 Summon Hydra             Summ           12%        N/A       100%        7
 Disjunction              Tloc           14%        N/A       100%        8
 Ignition                 Fire           14%        3d6       100%        8
 Infestation              Necr           24%        N/A       100%        8
 Death's Door             Necr           24%        N/A       100%        9
 Animate Armour           Summ/Erth      Unusable   N/A       N/A         4

Dungeon Overview and Level Annotations

Branches:
Dungeon (15/15)            Temple (0/1) D:4            Lair (5/5) D:10
  Swamp (4/4) Lair:3       Spider (4/4) Lair:3        Slime (0/5) Lair:4
    Orc (2/2) D:10            Elf (3/3) Orc:2        Vaults (4/5) D:13
  Crypt (0/3) Vaults:2     Depths (4/4) D:15            Zot (5/5) Depths:4
Ossuary (visited)           IceCv (visited)         Volcano (visited)
 WizLab (visited)         Desolation (visited)

Altars:
Ashenzari
Cheibriados
Elyvilon
Gozag
Kikubaaqudgha
Nemelex Xobeh
Okawaru
Ru
Trog
Vehumet
Wu Jian
Yredelemnul
Zin
The Shining One
Jiyva

Shops:
D:1 !   Orc:2 :([?   Elf:3 :   Vaults:1 [   Vaults:2 *   Depths:1 (
Depths:4 *

Portals:
Hell: Depths:1 Depths:2 Depths:3 Depths:4
Abyss: Depths:3
Pandemonium: Depths:2 Depths:4
Ziggurat: Depths:2

Annotations:
D:2 Natasha
D:12 2 transporters, bmack86's ghost, journeyman MiFi
D:13 2 transporters, exclusion: 2 orange crystal statues, Shard1697's ghost, journeyman MeBe
D:14 2 transporters, Uummannaq's ghost, journeyman MiFi
Lair:2 2 transporters, Udepn's ghost, journeyman OgFE
Elf:2 3 runed translucent doors
Vaults:4 36 runed doors
Depths:3 1 runed translucent door, exclusion: orange crystal statue, strangelove's ghost, master GrEE
Zot:4 4 transporters


Innate Abilities, Weirdness & Mutations

You cannot wear most types of armour.
You are amphibious.
You can wear up to eight rings at the same time.
Your skin changes colour to match your surroundings (Stealth+).
Your rubbery body absorbs attacks. (AC +1, EV +1)
((You are camouflaged when in or above water. (Stealth+)))
You have tentacles for arms and can constrict up to eight enemies at once.
Your spells are a little easier to cast, but a little less powerful.


Message History

Aim: an Orb Guardian (heavily wounded, 78% to hit)
You shoot an arrow. The arrow hits the Orb Guardian!
The Orb Guardian is severely wounded.
The Orb Guardian completely misses you.
Fire: y) +8 longbow "Zephyr" {speed, Dex+3 SInv, Cun, Bglg} (curse)
Press: ? - help, Q - select action, (/) - cycle Shift-Dir - straight line, f/p - Orb Guardian
Aim: an Orb Guardian (severely wounded, 78% to hit)
You shoot an arrow. The arrow misses the Orb Guardian.
The Orb Guardian completely misses you.
Unknown command.
Fire: y) +8 longbow "Zephyr" {speed, Dex+3 SInv, Cun, Bglg} (curse)
Press: ? - help, Q - select action, (/) - cycle Shift-Dir - straight line, f/p - Orb Guardian
Aim: an Orb Guardian (severely wounded, 78% to hit)
You shoot an arrow.
The arrow completely misses the Orb Guardian.
The Orb Guardian closely misses you.
Fire: y) +8 longbow "Zephyr" {speed, Dex+3 SInv, Cun, Bglg} (curse)
Press: ? - help, Q - select action, (/) - cycle Shift-Dir - straight line, f/p - Orb Guardian
Aim: an Orb Guardian (severely wounded, 78% to hit)
You shoot an arrow. The arrow hits the Orb Guardian!!
The Orb Guardian is almost dead.
The Orb Guardian completely misses you.
Fire: y) +8 longbow "Zephyr" {speed, Dex+3 SInv, Cun, Bglg} (curse)
Press: ? - help, Q - select action, (/) - cycle Shift-Dir - straight line, f/p - Orb Guardian
Aim: an Orb Guardian (almost dead, 78% to hit)
You shoot an arrow. The arrow hits the Orb Guardian!!
You kill the Orb Guardian!
Unknown command.
You revert to your normal fleshy form.
(D) Dungeon (T) Temple (L) Lair (S) Swamp (N) Spider Nest (M) Slime Pits (O) Orcish Mines (E) Elven Halls (V) Vaults (C) Crypt (U) Depths (H) Hell (Z) Zot
Where to? (Enter - D:1 @ (x,y), ? - help)
You sense a monster nearby.
There is a stone staircase leading up here.
You climb upwards.
There is a stone staircase leading down here.
There is a staircase leading out of the dungeon here.
You have escaped!

#.......#
#.####..#.#####...#
#.......# #.# ##...##.#..###
#######.# #.# ###....#.#####
#.# #^########...#.##...
#####.###............>......
#.....##.#.#.#.#########...#
######.....#.#.#.#.## #....
...........##.#.#.#.# #....
######.....#.#.#@#.## #....
#.....##.#.#.#.# #####....
##########.#.#.#.#.##
#........ ......#
#..#.#.#.#.# #........
##..#.# ##..#.#.#.##
#........ ....#.# ##########
#........ .##.#.# #........
.##.#.# ######### ....#.#


There were no monsters in sight!

Vanquished Creatures
  An ancient lich (Zot:5)
  An orb of fire (Zot:5)
  A juggernaut (Depths:4)
  Bai Suzhen (Spider:4)
  Frederick (Vaults:3)
  6 Killer Klowns (Zot:5)
  Margery (Vaults:3)
  Nikola (Spider:4)
  5 golden dragons
  Arachne (Spider:3)
  An electric golem (Zot:5)
  A Tzitzimitl (Depths:4)
  2 hellephants (Depths:2)
  Mlioglotl (Swamp:1)
  2 liches
  A Hell Sentinel (Zot:1)
  2 titans
  5 tentacled monstrosities
  3 quicksilver dragons
  24 Orb Guardians
  Jorgrun (D:14)
  2 deep elf blademasters (Elf:3)
  2 deep elf master archers (Elf:3)
  Asterion (Spider:1)
  6 tentacled starspawn (Abyss:3)
  4 death cobs
  Agnes (Spider:4)
  2 tengu reavers (Depths:3)
  4 sphinxes
  Roxanne (Swamp:4)
  5 shadow dragons
  6 fire giants
  7 storm dragons
  3 draconian knights
  3 emperor scorpions (Spider:4)
  4 fenstrider witches
  9 frost giants
  4 imperial myrmidons (Desolation)
  A balrug (Depths:2)
  4 deep elf sorcerers
  An iron dragon (Depths:3)
  11 vault wardens
  Louise (Elf:2)
  6 ghost moths
  4 deep elf elementalists (Elf:3)
  6 draconian scorchers
  3 draconian shifters
  An orc warlord (Vaults:4)
  2 angels (Vaults:3)
  A spectral juggernaut (Depths:1)
  11 ironbound preservers
  A draconian stormcaller (Depths:4)
  2 ghouls (Swamp:2)
  4 draconian annihilators
  A broodmother (Spider:4)
  A war gargoyle (Vaults:4)
  A spriggan defender (Depths:3)
  A demonspawn blood saint (Depths:1)
  2 formless jellyfish
  14 very ugly things
  8 stone giants
  3 green draconians
  7 ironbound thunderhulks
  A vampire knight (Depths:3)
  3 deep elf demonologists (Elf:3)
  3 eleionomae
  5 black draconians
  Nessos (D:12)
  5 red draconians
  16 purple draconians
  7 deep elf annihilators
  14 dire elephants
  5 yellow draconians
  7 white draconians
  A lorocyproca (Depths:3)
  7 bunyips
  A bunyip (shapeshifter) (Elf:1)
  7 spark wasps
  5 deep elf death magi
  2 green deaths (Swamp:4)
  3 crystal guardians
  6 ettins
  An ettin (shapeshifter) (Elf:2)
  9 statues (WizLab)
  Snorg (D:12)
  6 ragged hierophants (Desolation)
  6 entropy weavers
  15 great orbs of eyes
  3 fire dragons
  A shambling mangrove (Swamp:3)
  7 yaktaur captains
  2 deep elf high priests (Elf:3)
  19 hydras
  2 hell beasts
  A jorogumo (Spider:3)
  7 vault guards
  2 rakshasas (Depths:1)
  3 servants of whispers (Desolation)
  10 ironbound frosthearts
  An ogre mage (D:15)
  5 two-headed ogres
  10 ice dragons
  10 peacekeepers
  Erolcha (D:12)
  6 centaur warriors
  2 radroaches
  4 spriggan air magi
  A catoblepas (Lair:3)
  15 dancing weapons
  8 boulder beetles
  A satyr (shapeshifter) (D:15)
  9 alligators
  5 deep troll shamans
  9 hell hogs (Depths:2)
  3 death yaks
  6 deep troll earth magi
  A thrashing horror (Abyss:3)
  9 demonic crawlers
  8 tengu warriors
  4 spriggan berserkers
  7 deep elf knights
  5 orc high priests
  7 hell knights
  A sun demon (Depths:4)
  9 spriggans
  3 wretched stars (Abyss:3)
  4 skeletal warriors (D:15)
  6 iron trolls
  6 pharaoh ants
  A sixfirhy (Depths:4)
  A shadow wraith (Vaults:2)
  8 goliath frogs
  3 skysharks
  A sun moth (Spider:2)
  A soul eater (Depths:2)
  A spatial maelstrom (Abyss:3)
  2 death drakes
  34 deep trolls
  7 orb spiders
  11 swamp dragons
  4 spriggan druids
  A flayed ghost (Depths:3)
  8 glowing orange brains
  4 lindwurms
  A harpy (Vaults:2)
  9 wizards
  4 bog bodies
  A steelbarb worm (Spider:4)
  12 ironbound convokers
  6 necromancers
  14 deep elf archers
  27 deep elf zephyrmancers
  4 oklob plants
  7 starcursed masses (Abyss:3)
  29 deep elf pyromancers
  A phantasmal warrior (Vaults:2)
  11 orc knights
  39 ugly things
  3 orc sorcerers (Orc:2)
  8 will-o-the-wisps
  7 moths of wrath
  19 wolf spiders
  3 manticores
  3 cyclopes
  18 vault sentinels
  26 elephants
  3 black mambas
  A toenail golem (D:2)
  A rust devil (Depths:4)
  4 smoke demons (Abyss:3)
  5 guardian serpents (Desolation)
  2 molten gargoyles
  8 cane toads
  2 orange demons (Swamp:4)
  A cane toad (shapeshifter) (Depths:2)
  An unseen horror (D:12)
  4 torpor snails
  2 rime drakes
  2 efreet
  5 ice devils
  3 kobold demonologists
  13 tengu conjurers (WizLab)
  A freezing wraith (IceCv)
  3 komodo dragons
  25 yaktaurs
  7 trolls
  A merfolk (D:15)
  2 hellwings (Depths:4)
  A meliai (shapeshifter) (Depths:2)
  53 saltlings (Desolation)
  4 bloated husks
  11 polar bears
  A meliai (Spider:4)
  14 hornets
  15 tyrant leeches
  8 raiju
  24 tarantellas
  28 blink frogs
  A dream sheep (Lair:5)
  A snapping turtle (shapeshifter) (Depths:3)
  33 jumping spiders
  A culicivora (shapeshifter) (Vaults:2)
  27 culicivoras
  35 slime creatures
  2 vampires
  A ynoxinul (Depths:2)
  2 air elementals
  An ettin skeleton (Abyss:1)
  4 shadows
  5 wyverns
  5 water elementals
  2 wraiths
  2 wyverns (shapeshifter)
  64 yaks
  4 fire elementals
  A hog (shapeshifter) (Depths:2)
  14 vampire mosquitoes
  A fire bat (Volcano)
  5 steam dragons
  A yak (shapeshifter) (Depths:2)
  8 basilisks
  A yaktaur simulacrum (Vaults:1)
  2 chaos spawn (Depths:4)
  5 large abominations
  A redback (shapeshifter) (Vaults:3)
  40 redbacks
  An elf skeleton (Vaults:1)
  13 wargs
  18 swamp worms
  Duvessa (D:7)
  14 hell hounds
  2 acid dragons
  13 water moccasins
  A sky beast (D:7)
  4 swamp drakes
  27 orc warriors
  4 ice beasts (D:10)
  14 black bears
  12 ogres
  15 wolves
  9 boggarts
  7 centaurs
  A human skeleton (Vaults:1)
  3 kobold brigands
  A gnoll sergeant (D:12)
  13 bullfrogs
  2 two-headed ogre simulacra (Orc:1)
  9 scorpions
  A small abomination (Abyss:3)
  A cane toad simulacrum (IceCv)
  A glowing shapeshifter simulacrum (Vaults:2)
  2 earth elementals
  10 wights
  Dowan (D:7)
  2 human simulacra (Vaults:2)
  3 killer bees (D:7)
  An elephant simulacrum (Orc:1)
  3 howler monkeys (D:13)
  5 electric eels
  3 lava snakes (Volcano)
  A quasit (Abyss:3)
  2 human zombies (Ossuary)
  5 jellies
  20 orc priests
  A gnoll bouda (D:8)
  A sleepcap (D:6)
  4 iguanas
  Crazy Yiuf (D:2)
  Natasha (D:2)
  24 orc wizards
  A troll simulacrum (Orc:1)
  2 spriggan simulacra (Orc:1)
  2 wolf simulacra
  3 mummies (Ossuary)
  13 gnolls
  10 adders
  A naga simulacrum (Orc:1)
  2 shadow imps
  2 white imps (D:7)
  An ufetubus (Abyss:2)
  2 worms
  2 dart slugs
  56 orcs
  7 bats
  25 endoplasms
  2 giant cockroaches
  2 goblins
  8 hobgoblins
  3 jackals (D:1)
  27 kobolds
  A quokka (D:2)
  A ball python (D:4)
  2 frilled lizards (D:1)
  2 gnoll zombies (Ossuary)
  2 goblin zombies (Ossuary)
  2 hobgoblin zombies (Ossuary)
  2 kobold zombies (Ossuary)
  7 rats
  A butterfly (Lair:4)
  A starspawn tentacle (Abyss:3)
1915 creatures vanquished.

Vanquished Creatures (others)
  An ice dragon (Depths:3)
  A deep elf knight (Elf:1)
  A pharaoh ant (Spider:1)
  A will-o-the-wisp (Swamp:2)
  A tyrant leech (Swamp:2)
  A human (Swamp:3)
  A water moccasin (shapeshifter) (Depths:2)
  An orc (Orc:2)
  10 foxfires (Swamp:2)
  272 fulminant prisms
  10 starspawn tentacles (Abyss:3)
300 creatures vanquished.

Grand Total: 2215 creatures vanquished

Notes
Turn   | Place    | Note
-------+----------+-------------------------------------------
     0 | D:1      | Midn8 the Octopode Conjurer began the quest for the Orb.
     0 | D:1      | Reached XP level 1. HP: 11/11 MP: 3/3
   244 | D:1      | Reached XP level 2. HP: 11/17 MP: 1/5
   300 | D:1      | Learned a level 2 spell: Searing Ray
   690 | D:1      | Found Qehus's Distillery.
   699 | D:1      | Bought a potion of degeneration for 13 gold pieces
   866 | D:1      | Reached XP level 3. HP: 21/21 MP: 3/6
  1025 | D:2      | Found a broken altar of Ashenzari.
  1061 | D:2      | Noticed a floating eye
  1063 | D:2      | Found a faded altar of an unknown god.
  1094 | D:2      | Noticed a great orb of eyes
  1094 | D:2      | Noticed a shining eye
  1094 | D:2      | Noticed a golden eye
  1114 | D:2      | Became a worshipper of Ashenzari the Shackled
  1343 | D:2      | You fall into a shaft and drop 1 floor!
  1411 | D:2      | Reached skill level 5 in Conjurations
  1628 | D:2      | Noticed Natasha
  1632 | D:2      | Killed Natasha
  1633 | D:2      | Reached XP level 4. HP: 5/27 MP: 1/7
  1959 | D:2      | Noticed Natasha
  2095 | D:2      | Found a runed translucent door.
  2096 | D:2      | Noticed Crazy Yiuf
  2218 | D:3      | Found an opulent altar of Gozag.
  2482 | D:3      | Reached XP level 5. HP: 31/31 MP: 3/8
  2540 | D:3      | Learned a level 4 spell: Fulminant Prism
  2799 | D:3      | Reached skill level 1 in Hexes
  3285 | D:3      | Found a glowing silver altar of Zin.
  3616 | D:1      | Bought a potion of curing for 39 gold pieces
  3616 | D:1      | Bought a potion of lignification for 39 gold pieces
  3616 | D:1      | Bought a potion of attraction for 39 gold pieces
  3813 | D:4      | Reached XP level 6. HP: 36/36 MP: 5/9
  4018 | D:4      | Found a staircase to the Ecumenical Temple.
  4220 | D:5      | Entered Level 5 of the Dungeon
  4245 | D:5      | Found a sand-covered staircase.
  4250 | Ossuary  | Entered an ossuary
  4250 | Ossuary  | Noticed a wraith
  4250 | Ossuary  | Noticed a wraith
  4250 | Ossuary  | Noticed a wraith
  4811 | Ossuary  | Noticed a wraith
  5075 | D:5      | Reached * piety under Ashenzari
  5144 | D:5      | Found a bloodstained altar of Trog.
  5153 | D:5      | Identified the +3 leather armour of the Ten Ships {Stlth+}
  5452 | D:5      | Reached XP level 7. HP: 41/41 MP: 0/10
  5671 | D:5      | Reached skill level 5 in Hexes
  6424 | D:6      | Reached skill level 3 in Dodging
  6424 | D:6      | Reached XP level 8. HP: 40/52 MP: 3/14
  6430 | D:6      | Reached skill level 4 in Dodging
  6727 | D:6      | Reached skill level 5 in Dodging
  6967 | D:6      | Reached ** piety under Ashenzari
  7138 | D:7      | Reached skill level 1 in Short Blades
  7357 | D:7      | Learned a level 3 spell: Dazzling Flash
  7628 | D:7      | Found a sacrificial altar of Ru.
  7747 | D:7      | Reached XP level 9. HP: 58/58 MP: 8/19
  7837 | D:7      | Noticed Duvessa
  7849 | D:7      | Killed Duvessa
  7868 | D:7      | Noticed Dowan
  8063 | D:7      | Killed Dowan
  8263 | D:7      | Reached skill level 5 in Stealth
  8950 | D:8      | Found a snail-covered altar of Cheibriados.
  9124 | D:8      | Noticed a hornet
  9132 | D:8      | Killed a hornet
  9133 | D:8      | Reached XP level 10. HP: 68/68 MP: 13/20
  9224 | D:8      | Learned a level 5 spell: Lee's Rapid Deconstruction
  9251 | D:8      | Learned a level 5 spell: Iskenderun's Battlesphere
  9282 | D:8      | Noticed an oklob plant
  9533 | D:8      | Killed an oklob plant
  9634 | D:8      | Reached *** piety under Ashenzari
  9765 | D:8      | Identified the +9 plate armour "Lalaghux" {rElec rC- Dex-3
                  | Slay+6}
  9994 | D:8      | Reached skill level 5 in Earth Magic
 10155 | D:8      | Found an ornate altar of the Wu Jian Council.
 10357 | D:9      | Reached skill level 5 in Fighting
 10371 | D:9      | Noticed a two-headed ogre
 10378 | D:9      | Killed a two-headed ogre
 10742 | D:9      | Found a sparkling altar of Nemelex Xobeh.
 10769 | D:9      | Reached skill level 6 in Dodging
 11069 | D:9      | Found an ancient bone altar of Kikubaaqudgha.
 11114 | D:9      | Reached XP level 11. HP: 80/80 MP: 10/22
 11248 | D:9      | Found a broken altar of Ashenzari.
 11579 | D:10     | Entered Level 10 of the Dungeon
 11841 | D:10     | Reached **** piety under Ashenzari
 12071 | D:10     | Found a staircase to the Lair.
 12074 | D:10     | Reached skill level 10 in Conjurations
 12113 | D:10     | Found a staircase to the Orcish Mines.
 12247 | D:10     | Reached skill level 1 in Shields
 12359 | D:10     | Found an iron altar of Okawaru.
 12967 | Lair:1   | Entered Level 1 of the Lair of Beasts
 13693 | Lair:1   | Identified the +7 shortbow of Luxury {speed, rPois Dex+4}
 14237 | Lair:1   | Reached skill level 5 in Spellcasting
 14829 | Lair:2   | Reached XP level 12. HP: 91/91 MP: 11/26
 14941 | Lair:2   | Found a dark tunnel.
 14947 | Volcano  | Entered a volcano
 15022 | Volcano  | Found a burning altar of Makhleb.
 15055 | Volcano  | Noticed a fire dragon
 15190 | Volcano  | Learned a level 7 spell: Orb of Destruction
 15527 | Lair:2   | Noticed a six-headed hydra
 15531 | Lair:2   | Killed a six-headed hydra
 16035 | Lair:2   | Found a transporter.
 16042 | Lair:2   | Identified the +1 hat "Pacw" {+Blink rElec rPois}
 16070 | Lair:2   | Noticed a seven-headed hydra
 16077 | Lair:2   | Killed a seven-headed hydra
 16230 | Lair:2   | Found a transporter.
 16246 | Lair:2   | Noticed Udepn's ghost (journeyman OgFE)
 16809 | Lair:3   | Noticed a catoblepas
 16842 | Lair:3   | Killed a catoblepas
 17600 | Lair:3   | Reached ***** piety under Ashenzari
 17770 | Lair:3   | Found a hole to the Spider Nest.
 17792 | Lair:3   | Reached XP level 13. HP: 98/98 MP: 19/28
 18239 | Lair:3   | Found a staircase to the Swamp.
 18764 | Lair:4   | Reached skill level 1 in Evocations
 18950 | Lair:4   | Learned a level 1 spell: Beastly Appendage
 18989 | Lair:4   | Identified the cursed +2 hat of Supernal Gnosis {Elem,
                  | Alch} (You found it in a volcano)
 19206 | Lair:3   | Reached skill level 7 in Dodging
 19873 | Lair:4   | Reached skill level 8 in Dodging
 20236 | Lair:4   | Reached skill level 9 in Dodging
 20675 | Lair:4   | Found a staircase to the Slime Pits.
 20682 | Lair:4   | Reached skill level 10 in Dodging
 20761 | Lair:4   | Found a viscous altar of Jiyva.
 21085 | Lair:4   | Reached XP level 14. HP: 106/106 MP: 22/31
 21496 | Lair:5   | Entered Level 5 of the Lair of Beasts
 21504 | Lair:5   | Reached skill level 5 in Evocations
 23308 | Lair:5   | Reached skill level 5 in Short Blades
 24191 | Lair:5   | Identified the ring of Mistrust {*Slow Fly rF+ rC+ Str+3}
 24989 | Lair:5   | Learned a level 6 spell: Leda's Unmaking
 26879 | D:12     | Noticed Erolcha
 26886 | D:12     | Killed Erolcha
 27035 | D:12     | Noticed bmack86's ghost (journeyman MiFi)
 27038 | D:12     | Found a transporter.
 27049 | D:12     | Reached skill level 10 in Fighting
 27151 | D:12     | Found a transporter.
 27172 | D:12     | Reached ****** piety under Ashenzari
 27382 | D:12     | Noticed Snorg
 27390 | D:12     | Killed Snorg
 27391 | D:12     | Reached XP level 15. HP: 119/119 MP: 19/34
 27567 | D:12     | Found the +11 Singing Sword {sonic wave}
 27934 | D:12     | Noticed Nessos
 27942 | D:12     | Killed Nessos
 28324 | D:2      | Killed Crazy Yiuf
 28746 | Orc:1    | Entered Level 1 of the Orcish Mines
 28887 | Orc:2    | Entered Level 2 of the Orcish Mines
 28901 | Orc:2    | Found a staircase to the Elven Halls.
 29156 | Orc:1    | Found a frozen archway.
 29281 | IceCv    | Entered an ice cave
 29405 | IceCv    | Found a transporter.
 29411 | IceCv    | Found a transporter.
 30445 | Orc:2    | Reached skill level 10 in Stealth
 30623 | Orc:2    | Upgraded the game from 0.31-a0-236-g9a0961fb85 to
                  | 0.31-a0-237-g2d982f9f85
 30799 | Orc:2    | Found Fufaob's Armour Shoppe.
 30799 | Orc:2    | Found Pitylydi's Magic Scroll Boutique.
 30802 | Orc:2    | Found Tychiunt's Book Shoppe.
 30802 | Orc:2    | Found Lopen's Antique Weapon Boutique.
 31074 | Orc:2    | Bought a book of Blood for 392 gold pieces
 31077 | Orc:2    | Learned a level 2 spell: Sublimation of Blood
 31078 | Orc:2    | Bought an ebony scimitar for 207 gold pieces
 31078 | Orc:2    | Identified the +2 scimitar "Uro Ziur" {flame, rF- rN+ SInv}
                  | (You bought it in a shop on level 2 of the Orcish Mines)
 31080 | Orc:2    | Bought an encrusted trident for 195 gold pieces
 31080 | Orc:2    | Identified the +12 trident of Blue Tortfeasance {distort,
                  | rF+ rC- rCorr Int+2} (You bought it in a shop on level 2 of
                  | the Orcish Mines)
 31084 | Orc:2    | Bought a scroll of teleportation for 33 gold pieces
 31308 | Elf:1    | Entered Level 1 of the Elven Halls
 31445 | Orc:2    | Reached skill level 1 in Necromancy
 31588 | Elf:1    | Found a radiant altar of Vehumet.
 32887 | Elf:1    | Reached XP level 16. HP: 131/131 MP: 27/35
 34387 | Elf:1    | Reached skill level 10 in Spellcasting
 34790 | Elf:2    | Found a runed translucent gate.
 34790 | Elf:2    | Found a runed translucent gate.
 34970 | Elf:2    | Found a runed translucent gate.
 35514 | Elf:2    | Identified a scroll of acquirement
 36077 | Elf:2    | Identified the +3 scale mail of Ogiod {Rampage Dex+2}
 36093 | Elf:2    | Noticed Louise
 36095 | Elf:2    | Killed Louise
 36260 | Elf:3    | Entered Level 3 of the Elven Halls
 36937 | Elf:3    | Found Rustef's Book Shoppe.
 37169 | Elf:3    | Reached skill level 10 in Earth Magic
 37632 | Elf:3    | Found a radiant altar of Vehumet.
 37783 | Elf:3    | Reached skill level 11 in Dodging
 37787 | Elf:3    | Noticed a deep elf blademaster
 38002 | Elf:3    | Reached XP level 17. HP: 139/139 MP: 6/38
 38258 | Elf:3    | Paralysed by an air elemental for 1 turns
 38272 | Elf:3    | Identified the +6 quarterstaff of Dilumnut {spect, Fly
                  | rPois}
 38296 | Elf:3    | Reached skill level 12 in Dodging
 38300 | Elf:3    | Noticed a deep elf blademaster
 38307 | Elf:3    | Killed a deep elf blademaster
 38320 | Elf:3    | Noticed a deep elf master archer
 38748 | Elf:3    | Killed a deep elf blademaster
 38805 | Elf:3    | Identified the +4 spear of Chagrin {flame, MP+9 Str+2}
 38847 | Elf:3    | Identified the +4 flail "Qoxkougg" {drain, rN+ Dex+3}
 38858 | Elf:3    | Reached skill level 13 in Dodging
 38999 | Elf:3    | Acquired the ring of the Forsaken Dreams {Will++ rCorr
                  | Str-2 Int+2}
 39337 | Elf:3    | Killed a deep elf master archer
 39368 | Elf:3    | Noticed a deep elf master archer
 39372 | Elf:3    | Killed a deep elf master archer
 39730 | Elf:3    | Identified the +5 sling "Rankemih" {flame, rN+ Str+3 Int+5}
 39737 | Elf:3    | Found the +0 pair of fencer's gloves {Riposte Dex+3}
 39782 | Elf:3    | Identified the Compendium of Charms and Elsewhere
 40317 | Spider:1 | Entered Level 1 of the Spider Nest
 40456 | Spider:1 | Noticed Asterion
 40463 | Spider:1 | Killed Asterion
 43809 | Spider:3 | Noticed Arachne
 43861 | Spider:3 | Killed Arachne
 44120 | Spider:3 | Reached XP level 18. HP: 142/142 MP: 22/36
 44868 | Spider:3 | Reached skill level 15 in Fighting
 45480 | Spider:4 | Entered Level 4 of the Spider Nest
 45484 | Spider:4 | Noticed Agnes
 45489 | Spider:4 | Killed Agnes
 46003 | Spider:4 | Noticed Nikola
 46004 | Spider:4 | Killed Nikola
 46010 | Spider:4 | Noticed Bai Suzhen
 46027 | Spider:4 | Killed Bai Suzhen
 48398 | Spider:4 | Found the +8 longbow "Zephyr" {speed, Dex+3 SInv}
 48721 | Spider:4 | Reached skill level 1 in Ranged Weapons
 48866 | Spider:4 | Identified the +0 hat "Sareiw" {rC+++}
 48892 | Spider:4 | Got a gossamer rune of Zot
 49318 | Swamp:1  | Entered Level 1 of the Swamp
 49325 | Swamp:1  | Reached skill level 5 in Ranged Weapons
 49570 | Swamp:1  | Noticed Mlioglotl
 49574 | Swamp:1  | Killed Mlioglotl
 50805 | Swamp:2  | Reached skill level 10 in Ranged Weapons
 50886 | Swamp:2  | Reached XP level 19. HP: 155/155 MP: 40/40
 51943 | Swamp:2  | Noticed a tentacled monstrosity
 51955 | Swamp:2  | Killed a tentacled monstrosity
 52281 | Swamp:3  | Found a runed translucent door.
 53005 | Swamp:4  | Entered Level 4 of the Swamp
 53112 | Swamp:4  | Noticed Roxanne
 53120 | Swamp:4  | Killed Roxanne
 53160 | Swamp:4  | Learned a level 6 spell: Statue Form
 53186 | Swamp:4  | Reached skill level 1 in Transmutations
 53578 | Swamp:4  | Got a decaying rune of Zot
 54320 | D:13     | Found a transporter.
 54324 | D:13     | Found a transporter.
 54328 | D:13     | Noticed Shard1697's ghost (journeyman MeBe)
 54486 | D:13     | Reached skill level 15 in Ranged Weapons
 54487 | D:13     | Found a gate to the Vaults.
 54507 | D:13     | Reached XP level 20. HP: 162/162 MP: 41/41
 54720 | D:13     | Identified the +0 scale mail "Qayz" {rPois Int+3}
 54919 | D:14     | Found a transporter.
 54920 | D:14     | Noticed Uummannaq's ghost (journeyman MiFi)
 55171 | D:14     | Noticed Jorgrun
 55178 | D:14     | Killed Jorgrun
 55312 | D:14     | Found a transporter.
 55470 | D:15     | Entered Level 15 of the Dungeon
 55511 | D:15     | Found an ornate altar of the Wu Jian Council.
 55882 | D:15     | Found a staircase to the Depths.
 56088 | Vaults:1 | Entered Level 1 of the Vaults
 56088 | Vaults:1 | Found Ytigat's Antique Armour Boutique.
 56092 | Vaults:1 | Bought a slimy orb for 448 gold pieces
 56092 | Vaults:1 | Identified the orb "Dozuss" {guile, Rampage rN+} (You
                  | bought it in a shop on level 1 of the Vaults)
 57308 | Vaults:2 | Found a staircase to the Crypt.
 57308 | Vaults:2 | Found an ancient bone altar of Kikubaaqudgha.
 57309 | Vaults:2 | Found a basalt altar of Yredelemnul.
 57564 | Vaults:2 | Found a magical portal.
 57573 | WizLab   | Entered Iskenderun's Mystic Tower
 58540 | WizLab   | Identified Sif Muna's Parchment of Grounded Apparitions
 58553 | WizLab   | Reached XP level 21. HP: 174/174 MP: 38/42
 58556 | WizLab   | Identified Iskenderun's Anthology of Power
 58556 | WizLab   | Identified Iskenderun's Monograph on Injury
 58959 | Vaults:2 | Found Fifeaph's General Store.
 59347 | Vaults:2 | Identified the +1 hand axe of Expedience {drain, *Rage
                  | rPois rC+ Int+4}
 59413 | Vaults:2 | Identified the +0 cloak of Idealism {rPois rC+ rN+ Dex-4}
 59808 | Vaults:3 | Found a glowing golden altar of the Shining One.
 59808 | Vaults:3 | Found a glowing silver altar of Zin.
 59810 | Vaults:3 | Found a white marble altar of Elyvilon.
 59832 | Vaults:3 | Found a crumbling gateway.
 59896 | Desolati | Entered the Desolation of Salt
 60080 | Desolati | Identified the +10 dagger "Ulai" {flame, Str+2 Dex+5
                  | Stlth+}
 60103 | Desolati | Identified Oxzat's Commentary on Flesh and Putridity
 60103 | Desolati | Identified the +8 mace of Cetouqido {drain, *Rage rPois
                  | rCorr Str+4}
 60103 | Desolati | Identified the +6 plate armour of the Known World {-Tele
                  | Harm rCorr Str+6}
 60127 | Desolati | Learned a level 7 spell: Dragon Form
 60334 | Desolati | Identified the +1 helmet of Inevitability {Harm rElec}
 60335 | Desolati | Identified the ring of Wissoahe {rElec rC+ Will+ Dex+3}
 60413 | Desolati | Found the +8 Wrath of Trog {antimagic, *Rage Rampage}
 60420 | Desolati | Identified the Atlas of Poison and the Evil Eye
 60420 | Desolati | Identified Ereshkigal's Tractate on Battle Magic and Dark
                  | Arts
 60913 | Vaults:3 | Noticed Margery
 60923 | Vaults:3 | Killed Margery
 61146 | Vaults:3 | Noticed Frederick
 61154 | Vaults:3 | Killed Frederick
 61504 | Vaults:3 | Reached XP level 22. HP: 189/189 MP: 43/43
 61576 | Vaults:3 | Learned a level 5 spell: Irradiate
 61659 | Vaults:3 | Found a runed translucent door.
 61659 | Vaults:3 | Found the brooch of Shielding {Spirit SH+8}
 61659 | Vaults:3 | Identified the +3 mace "Gueniyc" {elec, rCorr}
 62559 | Vaults:4 | Found a huge runed gate.
 62559 | Vaults:4 | Found a huge runed gate.
 62560 | Vaults:4 | Found a huge runed gate.
 62561 | Vaults:4 | Found a huge runed gate.
 62561 | Vaults:4 | Found a huge runed gate.
 62561 | Vaults:4 | Found a huge runed gate.
 62562 | Vaults:4 | Found a huge runed gate.
 62562 | Vaults:4 | Found a huge runed gate.
 62566 | Vaults:4 | Found a huge runed gate.
 62566 | Vaults:4 | Found a huge runed gate.
 62566 | Vaults:4 | Found a huge runed gate.
 62566 | Vaults:4 | Found a huge runed gate.
 62566 | Vaults:4 | Found a huge runed gate.
 62567 | Vaults:4 | Found a huge runed gate.
 62568 | Vaults:4 | Found a huge runed gate.
 62569 | Vaults:4 | Found a huge runed gate.
 62574 | Vaults:4 | Found a huge runed gate.
 62603 | Vaults:4 | Found a huge runed gate.
 62603 | Vaults:4 | Found a huge runed gate.
 62603 | Vaults:4 | Found a huge runed gate.
 62603 | Vaults:4 | Found a huge runed gate.
 62603 | Vaults:4 | Found a huge runed gate.
 62603 | Vaults:4 | Found a huge runed gate.
 62606 | Vaults:4 | Found a huge runed gate.
 62607 | Vaults:4 | Found a huge runed gate.
 62608 | Vaults:4 | Found a huge runed gate.
 62616 | Vaults:4 | Found a huge runed gate.
 62616 | Vaults:4 | Found a huge runed gate.
 62616 | Vaults:4 | Found a huge runed gate.
 62616 | Vaults:4 | Found a huge runed gate.
 62616 | Vaults:4 | Found a huge runed gate.
 62616 | Vaults:4 | Found a huge runed gate.
 62619 | Vaults:4 | Found a huge runed gate.
 62620 | Vaults:4 | Found a huge runed gate.
 62621 | Vaults:4 | Found a huge runed gate.
 62701 | Vaults:4 | Found a huge runed gate.
 63235 | Depths:1 | Entered Level 1 of the Depths
 63318 | Depths:1 | Reached skill level 10 in Evocations
 63600 | Depths:1 | Noticed a golden dragon
 63604 | Depths:1 | Killed a golden dragon
 63605 | Depths:1 | Reached skill level 14 in Dodging
 63676 | Depths:1 | Found a white marble altar of Elyvilon.
 63677 | Depths:1 | Found a glowing silver altar of Zin.
 63679 | Depths:1 | Found a glowing golden altar of the Shining One.
 63829 | Depths:1 | Found a gateway to Hell.
 63916 | Depths:1 | Found Guacesh's Weapon Shoppe.
 64059 | Depths:1 | Found a basalt altar of Yredelemnul.
 64554 | Depths:2 | Reached skill level 15 in Dodging
 64632 | Depths:2 | Identified the quicksilver dragon scales "Zups" {rElec
                  | Will+ Str+3}
 64744 | Depths:2 | Reached XP level 23. HP: 197/197 MP: 37/45
 65300 | Depths:2 | Found a one-way gateway to a ziggurat.
 65366 | Depths:2 | Reached skill level 16 in Dodging
 65532 | Depths:2 | Found a one-way gate leading to the halls of Pandemonium.
 65892 | Depths:3 | Reached skill level 17 in Dodging
 65926 | Depths:3 | Found a one-way gate to the infinite horrors of the Abyss.
 66092 | Depths:3 | Noticed a golden dragon
 66099 | Depths:3 | Killed a golden dragon
 66185 | Depths:3 | Identified the +3 mace of Upatwouto {flame, rElec rF- Str+7
                  | Dex+2}
 66284 | Depths:3 | Identified the Vademecum on Evil
 66288 | Depths:3 | Learned a level 1 spell: Apportation
 66563 | Depths:3 | Found a glowing golden altar of the Shining One.
 66660 | Depths:3 | Found a runed translucent door.
 66665 | Depths:3 | Noticed strangelove's ghost (master GrEE)
 67004 | Depths:3 | Identified Itailughi's Atlas of the Loathsome Xenotype
 67046 | Depths:3 | Identified the +0 hat of the Doldrums {+Blink rN+ Int-5}
 67249 | Depths:4 | Entered Level 4 of the Depths
 67330 | Depths:4 | Found Uroevvelot's General Store.
 67346 | Depths:4 | Bought a potion of invisibility for 144 gold pieces
 67346 | Depths:4 | Bought a potion of brilliance for 72 gold pieces
 68054 | Depths:4 | Reached XP level 24. HP: 204/204 MP: 42/45
 68069 | Depths:4 | Found a gate to the Realm of Zot.
 68239 | Depths:4 | Noticed a juggernaut
 68245 | Depths:4 | Killed a juggernaut
 68409 | Depths:3 | Voluntarily entered the Abyss.
 68627 | Abyss:3  | Found a corrupted altar of Lugonu.
 68733 | Abyss:3  | Got an abyssal rune of Zot
 68743 | Depths:3 | Escaped the Abyss
 69071 | Zot:1    | Entered Level 1 of the Realm of Zot
 69076 | Zot:1    | Identified the staff "Xom Kito" {rN+ Earth}
 69105 | Zot:1    | Reached skill level 18 in Dodging
 69725 | Zot:3    | Reached skill level 19 in Dodging
 69769 | Zot:4    | Identified the +3 rapier "Odghiud" {antimagic, rCorr SInv}
 69769 | Zot:4    | Found a transporter.
 69776 | Zot:4    | Identified the ring "Zuvori" {Fire rElec Will- Dex+5}
 69778 | Zot:4    | Identified the ring of Heankuq {Ice Str+2}
 70056 | Zot:4    | Found a transporter.
 70059 | Zot:4    | Found a transporter.
 70100 | Zot:4    | Found a transporter.
 70195 | Zot:5    | Entered Level 5 of the Realm of Zot
 70196 | Zot:5    | Noticed an ancient lich
 70336 | Zot:5    | Reached skill level 20 in Dodging
 71064 | Zot:5    | Noticed a Killer Klown
 71065 | Zot:5    | Noticed a Killer Klown
 71071 | Zot:5    | Killed an ancient lich
 71084 | Zot:5    | Killed a Killer Klown
 71099 | Zot:5    | Killed a Killer Klown
 71187 | Zot:5    | Noticed a Killer Klown
 71201 | Zot:5    | Noticed a Killer Klown
 71204 | Zot:5    | Killed a Killer Klown
 71205 | Zot:5    | Reached XP level 25. HP: 210/210 MP: 45/45
 71230 | Zot:5    | Killed a Killer Klown
 71243 | Zot:5    | Reached skill level 21 in Dodging
 71268 | Zot:5    | Learned a level 3 spell: Portal Projectile
 71273 | Zot:5    | Noticed an orb of fire
 71273 | Zot:5    | Noticed a Killer Klown
 71287 | Zot:5    | Killed a Killer Klown
 71293 | Zot:5    | Gained mutation: Your spells are a little easier to cast,
                  | but a little less powerful. [an orb of fire]
 71311 | Zot:5    | Killed an orb of fire
 71332 | Zot:5    | Noticed a Killer Klown
 71391 | Zot:5    | Killed a Killer Klown
 71760 | Zot:5    | Got the Orb of Zot
 72061 | Depths:3 | Reached skill level 22 in Dodging
 72209 | D:15     | Noticed Dilial the pandemonium lord
 72452 | D:3      | Noticed Kidik the pandemonium lord
 72525 | D:$      | Escaped with the Orb!

Illustrated notes

Levels and vault maps discovered:
D:1:      lightli_arrival_chessboard, layout_basic, serial_shops,
          nicolae_shop_stone
D:2:      layout_basic, basic_altar, hellmonk_ecumenical_altar_watching_god,
          serial_park_tiny_pond, minmay_domino_2, uniq_crazy_yiuf_cottage,
          uniq_natasha
D:3:      layout_basic, zin_scriptorium, nicolae_gozag_seed_capital,
          grunt_decor_fettered, nicolae_grassy_gnolls
D:4:      layout_basic, minmay_temple_entry_offerings
D:5:      layout_rooms, mainiacjoe_overflow_small_starburst, enter_ossuary_5,
          mrwooster_statue_mirror
D:6:      layout_loops_ring
D:7:      layout_cave_pods, general_overflow_altar, minivault_22,
          grunt_tough_drop, uniq_duvessa
D:8:      lemuel_slime, layout_basic, kennysheep_slug_shrine,
          minmay_ruined_shrine
D:9:      layout_gridville, nemelex_xobeh_ov_fountains_minmay,
          nicolae_ashenzari_panopticon, kiku_gazebo_pond_becter
D:10:     layout_basic, lemuel_coloured_pillars_altar, hellmonk_lair_entry_icy,
          orc_0_dummy
D:11:     layout_roguey, serial_co_window_serial, co_window_of_opportunity_a,
          co_window_of_opportunity_a, co_window_cross_1,
          co_window_of_opportunity_a, co_window_paths_b, co_window_corner_ca,
          co_window_of_opportunity_b, co_window_2corner, co_window_broadway_a,
          co_window_2corner, co_window_4corner_a, glass_columns_b,
          glass_columns_a
D:12:     old_forge, layout_basic, gammafunk_ghost_arena, uniq_nessos,
          uniq_snorg, uniq_erolcha
D:13:     layout_basic, erik_vaults_1, nzn_ghost_randoct
D:14:     layout_cross, gammafunk_ghost_stat_death, uniq_jorgrun
D:15:     hangedman_depths_entry_try_elsewhere_first, layout_rooms,
          nzn_wu_jian_council_hall
Lair:1:   layout_loops_ring
Lair:2:   layout_regular_city, enter_volcano_2,
          gammafunk_ghost_berserking_beasts, infiniplex_staircase_pool_2
Lair:3:   layout_regular_city, nicolae_swamp_entry_splash_gauntlet,
          hellmonk_spider_entry_life_and_decay, lemuel_fruit_tree
Lair:4:   beast_lair_carwin_large_2, layout_loops_ring,
          minmay_slime_entry_oklob_open, lemuel_fruit_fields
Lair:5:   hangedman_lair_caniforms_friends, layout_regular_city,
          kilobyte_rumbling_trees
Swamp:1:  layout_basic_swamp, wheals_swamp_sinkhole, uniq_mlioglotl
Swamp:2:  nzn_winding_woodlands_cross [nzn_winding_woodlands_5x15_zeroes,
          nzn_winding_woodlands_5x15_pool, nzn_winding_woodlands_5x15_garden,
          nzn_winding_woodlands_5x15_longhouse,
          nzn_winding_woodlands_15x15_killbox], layout_basic_swamp,
          evilmike_swamp_ruin_house_3, nicolae_swamp_wisp_ring_woods
Swamp:3:  layout_basic_swamp, evilmike_swamp_ruin_wall, swamp_pool5,
          nzn_swamp_weyward_sisters, infiniplex_staircase_pool
Swamp:4:  swamp_vile, layout_basic_swamp, uniq_roxanne
Spider:1: layout_spider_delve, hangedman_spider_tarantella_strand, uniq_asterion
Spider:2: layout_spider_delve, hive_lemuel
Spider:3: layout_spider_delve, uniq_arachne
Spider:4: grunt_spider_rune_parallel, uniq_agnes, uniq_nikola, uniq_bai_suzhen
Orc:1:    layout_caves, portal_ice_cave_entry_ice_simulacra
Orc:2:    grunt_orc_tribal_feast, layout_diamond_mine
Elf:1:    eino_elf_arrival_altar, layout_gridlike, hangedman_elf_disciples,
          dk_noncrumbling_3
Elf:2:    nicolae_elf_blades_splatter_lattice [nicolae_blade_bullseye],
          layout_loops_cross, uniq_louise
Elf:3:    grunt_elf_hall_diamonds, layout_geoelf_castle, serial_shops, shop,
          lemuel_statue_altar, minmay_misc_feat_alley, drop_trap
Vaults:1: vaults_dpeg_diagonal, vaults_room_large_hall,
          nicolae_vaults_trapezoid_lopsided_2, v_pattern_5, vaults_room_corners,
          nicolae_vaults_three_branches, nicolae_vaults_ninety_degrees,
          nicolae_vaults_apartment_2, nicolae_vaults_tetromino_T_1,
          nicolae_vaults_border_crossing, ontoclasm_vaults_chip,
          nicolae_vaults_variable_pillar_hall, nicolae_vaults_little_ls,
          layout_vaults_omnicross, serial_shops, shop
Vaults:2: mu_enter_wizlab_3, vaults_standard_mumra_enter_the_diamond,
          nicolae_vaults_heist, vaults_room_ringed_pool,
          nicolae_vaults_storage_closets_1, nicolae_vaults_trapezoid_4,
          vaults_room_door_ring, nicolae_vaults_storing_the_good_stuff,
          layout_vaults_omnigrid, minmay_crypt_entry_necro_gods, serial_shops,
          shop
Vaults:3: portal_desolation_entry_holy_temple, vaults_room_octagon,
          hangedman_vaults_stitches, v_pattern_2,
          nicolae_vaults_sesquioval_fish, dpeg_vaults_monster_row,
          ontoclasm_vaults_fault, v_misc_23, nicolae_vaults_oozy_zoo,
          ontoclasm_vaults_ring_square, nicolae_vaults_gold_heap,
          layout_vaults_maze_snakey, uniq_margery, uniq_frederick
Vaults:4: v_misc_9, nicolae_vaults_rhombus_7, nicolae_vaults_frosty_reception,
          nicolae_vaults_house_1, nicolae_vaults_hexular_roomagon, v_misc_29,
          not_door_vault_due, ontoclasm_vaults_eye, layout_vaults_omnibox
Depths:1: layout_cave_pools, hell_entry, good_gods_temple_1, serial_shops,
          nicolae_shop_tiny_real_fake_doors, yredelemnul_forgotten_temple_becter
Depths:2: minmay_split_circle, layout_gridlike, enter_ziggurat_e,
          grunt_hell_horde, rand_demon_pan_entry_1,
          infiniplex_staircase_pillars_1, grunt_ministairs_8, firewood_loft
Depths:3: minmay_the_grid_triangle_9x9_recursive_2_mashed
          [minmay_the_grid_triangle_9x9_prize_top_heavy,
          minmay_the_grid_triangle_9x9_thin_v,
          minmay_the_grid_triangle_9x9_wacky_v,
          minmay_the_grid_triangle_9x9_corrupted_corridor], layout_cave_shapes,
          muffindrake_ghost_dead_mans_drink, hell_entry,
          nicolae_tso_carved_into_rock, abyss_entry_crystal,
          minmay_protected_statue, infiniplex_staircase_split_hallway
Depths:4: grunt_zot_entry_hairpin, layout_gridville, serial_shops, shop,
          hell_entry, grunt_pan_entry_spiral, minmay_misc_feat_plants,
          st_stairs_10
Zot:1:    layout_cellular_growth
Zot:2:    layout_concentric_octagons, hellmonk_ghost_happy_afterlife
Zot:3:    layout_basic, gammafunk_ghost_arena
Zot:4:    gammafunk_dig_for_victory, layout_basic, serial_nicolae_subway,
          nicolae_sub_station_crystal, nicolae_sub_station_stone,
          nicolae_sub_station_metal
Zot:5:    layout_concentric_octagons

Skill      XL: |  1  2  3  4  5  6  7  8  9 10 11 12 13 14 15 16 17 18 19 20 21 22 23 24 25 |
---------------+----------------------------------------------------------------------------+-----
Stealth        | 3 6 10 | 10.3
Conjurations   | 5 6 9 10 13 14 | 14.2
Hexes          | 3 4 5 6 8 |  8.0
Fighting       | 2 4 6 8 10 12 13 14 15 18 21 | 21.9
Dodging        | 3 5 6 10 11 13 15 17 20 22 | 22.1
Short Blades   | 3 7 |  7.7
Spellcasting   | 4 6 7 8 10 11 | 11.8
Earth Magic    | 4 5 6 10 12 13 | 13.0
Shields        | 1 |  1.6
Evocations     | 4 7 10 14 | 14.4
Necromancy     | 4 |  4.6
Ranged Weapons | 10 15 16 18 | 18.0
Transmutations | 4 |  4.6

Action                     |  1- 3 |  4- 6 |  7- 9 | 10-12 | 13-15 | 16-18 | 19-21 | 22-24 | 25-27 || total
---------------------------+-------+-------+-------+-------+-------+-------+-------+-------+-------++-------
  Melee: Unarmed           |     6 |       |       |       |       |       |       |       |       ||     6
         Constrict         |     7 |     2 |     6 |     8 |    46 |    56 |       |       |       ||   125
         Whip              |     7 |       |       |       |       |       |       |       |       ||     7
         Tentacles         |     5 |     3 |     7 |    11 |   107 |   100 |       |       |       ||   233
         Dagger            |     7 |    12 |    29 |    57 |   331 |   229 |       |       |       ||   665
         Punch             |       |       |     1 |     2 |     8 |     6 |       |       |       ||    17
         Kick              |       |       |       |       |     5 |       |       |       |       ||     5
   Fire: Longbow           |       |       |       |       |       |    99 |  1782 |  1782 |   163 ||  3826
   Cast: Magic Dart        |    62 |    87 |    71 |   190 |   280 |     5 |       |       |       ||   695
         Searing Ray       |     2 |    18 |    19 |    17 |    37 |       |       |       |       ||    93
         Fulminant Prism   |       |       |    25 |    48 |   134 |    62 |       |     3 |       ||   272
         Dazzling Flash    |       |       |     1 |       |    12 |    10 |       |     1 |       ||    24
         Iskenderun's Batt |       |       |       |    37 |    53 |     3 |       |       |       ||    93
         Lee's Rapid Decon |       |       |       |    31 |     9 |    53 |    19 |    16 |       ||   128
         Orb of Destructio |       |       |       |     3 |    36 |   247 |    41 |    48 |    16 ||   391
         Beastly Appendage |       |       |       |       |     1 |     1 |       |       |       ||     2
         Leda's Unmaking   |       |       |       |       |    36 |    91 |    33 |    35 |    10 ||   205
         Sublimation of Bl |       |       |       |       |       |    19 |     3 |       |       ||    22
         Statue Form       |       |       |       |       |       |       |   111 |   109 |     6 ||   226
         Apportation       |       |       |       |       |       |       |       |     7 |       ||     7
         Irradiate         |       |       |       |       |       |       |       |     3 |       ||     3
         Portal Projectile |       |       |       |       |       |       |       |       |     4 ||     4
 Invoke: Curse Item        |       |     2 |     3 |     4 |     3 |     3 |       |     1 |       ||    16
         Shatter the Chain |       |       |       |       |       |     4 |       |     1 |       ||     5
Ability: End Transformatio |       |       |       |       |       |       |     1 |     1 |     2 ||     4
  Evoke: Wand              |       |       |       |       |    15 |     2 |     2 |     1 |       ||    20
         Tin of tremorston |       |       |       |       |       |       |     1 |       |       ||     1
    Use: Scroll            |     4 |     5 |       |       |       |     5 |     2 |     3 |     1 ||    20
         Potion            |       |       |     1 |       |       |     1 |     1 |       |     2 ||     5
   Stab: Sleeping          |     1 |       |       |       |     6 |     9 |       |       |       ||    16
         Distracted        |       |       |       |     1 |       |     1 |       |       |       ||     2
         Invisible         |       |       |       |       |     3 |     2 |       |       |       ||     5
         Paralysed         |       |       |       |       |     1 |       |       |       |       ||     1
 Armour: Skin              |     1 |     2 |    12 |     7 |    88 |    52 |   186 |   244 |    20 ||   612
  Dodge: Dodged            |    11 |    10 |    32 |    81 |   339 |   279 |   604 |   979 |    75 ||  2410
  Block: Buckler           |       |       |       |    17 |   129 |    76 |       |       |       ||   222

Table legend: (Time is in decaauts)
 A = Elapsed time spent in this place.
 B = Non-inter-level travel time spent in this place.
 C = Inter-level travel time spent in this place.
 D = Time resting spent in this place.
 E = Time spent auto-exploring this place.
 F = Levels seen in this place.
 G = Mean time per level.
                   A        B        C        D        E       F      G
               +--------+--------+--------+--------+--------+-----+--------+
         Total |  76557 |  71656 |   4901 |  30011 |  25485 |  54 | 1417.7 |
       Dungeon |  19188 |  17183 |   2005 |   6092 |   8580 |  15 | 1279.2 |
          Lair |  12364 |  11723 |    641 |   6874 |   3122 |   5 | 2472.8 |
         Swamp |   4283 |   4084 |    199 |   1127 |   1896 |   4 | 1070.8 |
   Spider Nest |   8772 |   8563 |    209 |   5401 |   1797 |   4 | 2193.0 |
  Orcish Mines |   2555 |   2303 |    252 |    967 |    736 |   2 | 1277.5 |
   Elven Halls |   8520 |   8165 |    355 |   4742 |   1685 |   3 | 2840.0 |
        Vaults |   6275 |   5952 |    323 |    868 |   3441 |   4 | 1568.8 |
        Depths |   6974 |   6208 |    766 |   1251 |   3191 |   4 | 1743.5 |
           Zot |   3358 |   3210 |    148 |   1128 |    396 |   5 |  671.6 |
         Abyss |    298 |    298 |      0 |      0 |      0 |   3 |   99.3 |
       Ossuary |    789 |    789 |      0 |    405 |     64 |   1 |  789.0 |
      Ice Cave |    147 |    147 |      0 |    112 |      0 |   1 |  147.0 |
       Volcano |    538 |    538 |      0 |    269 |      0 |   1 |  538.0 |
        Wizlab |   1304 |   1304 |      0 |    721 |    168 |   1 | 1304.0 |
    Desolation |   1184 |   1184 |      0 |     52 |    407 |   1 | 1184.0 |
               +--------+--------+--------+--------+--------+-----+--------+

Top non-repeatable levels by time:
   Elf:1: 3722 daAuts
   Elf:3: 3502 daAuts
  Lair:3: 3387 daAuts
  Lair:4: 3371 daAuts
Spider:4: 3210 daAuts
  Lair:5: 2871 daAuts
Depths:2: 2241 daAuts
Spider:3: 2148 daAuts
    D:10: 2065 daAuts
     D:7: 2057 daAuts
Spider:2: 1909 daAuts
   Zot:5: 1857 daAuts
   Orc:2: 1846 daAuts
Depths:3: 1762 daAuts
Vaults:2: 1730 daAuts
